 Dungeon Crawl Stone Soup version 0.28.0-61-g67df4f89a8 (webtiles) character file.

Game seed: 2366809853072764196

212074 AarnesTheHuman the Warrior (level 18, -13/160 (178) HPs)
             Began as a Hill Orc Fighter on Feb 14, 2023.
             Was the Champion of Okawaru.
             Killed from afar by a tengu reaver (54 damage)
             ... with a bolt of negative energy
             ... on level 1 of the Vaults.
             The game lasted 01:00:13 (40539 turns).

AarnesTheHuman the Warrior (Hill Orc Fighter)      Turns: 40539, Time: 01:00:13

HP:   -13/160 (178) AC: 51    Str: 36    XL:     18   Next: 91%
MP:   14/16         EV:  9    Int: 11    God:    Okawaru [******]
Gold: 1837          SH: 24    Dex:  8    Spells: 17/17 levels left

rFire   + + .      SeeInvis +   a - +12 broad axe of Tuycvof {antimagic, rF+}
rCold   + + +      Faith    .   G - +1 tower shield {rPois}
rNeg    . . .      Spirit   .   L - +16 crystal plate armour of Insurance {MP+9}
rPois   +          Reflect  +   Z - +2 hat {Stlth+}
rElec   .          Harm     .   P - +0 cloak
rCorr   .          Rampage  .   R - +1 pair of gloves of a Labyrinth {rC+ MP+9 Str+5 Dex-4}
Will    +....                   K - +2 pair of boots "Kixkiep" {Int+3 Slay+2}
Stlth   ..........              m - amulet of reflection
HPRegen 0.36/turn               D - ring of the Jackalope {rC++ Str+6 SInv}
MPRegen 0.15/turn               z - ring "Nyl Yvvunu" {rPois rF+}

@: heroic, heavily drained
A: no striking features
}: 1/15 runes: barnacled
a: Renounce Religion, Heroism, Finesse, Duel


You were on level 1 of the Vaults.
You worshipped Okawaru.
Okawaru was exalted by your worship.
You visited 7 branches of the dungeon, and saw 31 of its levels.
You also visited: Bailey.

You collected 2906 gold pieces.
You spent 1069 gold pieces at shops.

Inventory:

Hand Weapons
 a - the +12 broad axe of Tuycvof (weapon) {antimagic, rF+}
   (Okawaru gifted it to you on level 6 of the Lair of Beasts)

   It reduces the magical energy of the wielder, and disrupts the spells and
   magical abilities of those it strikes.
   Natural abilities and divine invocations are not affected.
   rF:        It protects you from fire.
 b - a +3 broad axe of electrocution
 p - a +5 trident of freezing
Missiles
 u - 10 throwing nets
 B - 47 poisoned darts
 F - 7 datura-tipped darts
 V - 11 javelins
 X - 37 boomerangs (quivered)
Armour
 G - a +1 tower shield of poison resistance (worn)
 K - the +2 pair of boots "Kixkiep" (worn) {Int+3 Slay+2}
   (You acquired it in a bailey)

   Int:       It affects your intelligence (+3).
   Slay:      It affects your accuracy & damage with ranged weapons and melee
   (+2).
 L - the +16 crystal plate armour of Insurance (worn) {MP+9}
   (You acquired it in a bailey)

   MP:        It affects your magic capacity (+9).
 P - a +0 cloak (worn)
 R - the +1 pair of gloves of a Labyrinth (worn) {rC+ MP+9 Str+5 Dex-4}
   (You found it on level 2 of the Shoals)

   Str:       It affects your strength (+5).
   Dex:       It affects your dexterity (-4).
   rC:        It protects you from cold.
   MP:        It affects your magic capacity (+9).
 Z - a +2 hat of stealth (worn)
Jewellery
 c - a +4 ring of slaying
 j - a ring of positive energy
 m - an amulet of reflection (around neck)
 z - the ring "Nyl Yvvunu" (right hand) {rPois rF+}
   (You acquired it in a bailey)

   [ring of protection from fire]

   rF:        It protects you from fire.
   rPois:     It protects you from poison.
 D - the ring of the Jackalope (left hand) {rC++ Str+6 SInv}
   (You bought it in a shop on level 2 of the Orcish Mines)

   [ring of strength]

   Str:       It affects your strength (+6).
   rC:        It greatly protects you from cold.
   SInv:      It lets you see invisible.
 E - a ring of flight
 S - a ring of resist corrosion
 U - a ring of protection from cold
Wands
 i - a wand of polymorph (8)
 w - a wand of flame (92)
 y - a wand of digging (7)
 N - a wand of iceblast (20)
 T - a wand of paralysis (11)
 Y - a wand of acid (3)
Scrolls
 e - 5 scrolls of immolation
 f - 3 scrolls of magic mapping
 g - a scroll of enchant weapon
 h - 3 scrolls of silence
 n - 2 scrolls of fear
 q - 8 scrolls of blinking
 t - 13 scrolls of teleportation
 A - 8 scrolls of identify
 C - 6 scrolls of fog
Potions
 d - 5 potions of might
 l - 9 potions of heal wounds
 o - 12 potions of curing
 r - 5 potions of attraction
 s - 2 potions of magic
 x - 2 potions of flight
 H - 3 potions of brilliance
 I - 8 potions of mutation
 J - a potion of resistance
 M - 2 potions of berserk rage
 O - a potion of lignification
 W - 4 potions of haste
Miscellaneous
 k - a phial of floods


   Skills:
 + Level 20.1(25.1) Fighting
 - Level 18.0(23.0) Axes
 + Level 11.2(16.2) Throwing
 - Level 12.0(17.0) Armour
 + Level 8.2(13.2) Dodging
 - Level 13.0(18.0) Shields
 + Level 19.2 Invocations


You had 17 spell levels left.
You didn't know any spells.
Your spell library contained the following spells:

 Spells                   Type           Power      Damage    Failure   Level
 Foxfire                  Conj/Fire      0%         2x1d4     100%        1
 Freeze                   Ice            0%         1d3       100%        1
 Magic Dart               Conj           0%         1d3       100%        1
 Pain                     Necr           0%         1d4       100%        1
 Slow                     Hex            0%         N/A       100%        1
 Corpse Rot               Necr/Air       0%         N/A       100%        2
 Ensorcelled Hibernation  Hex/Ice        0%         N/A       100%        2
 Scorch                   Fire           0%         2d5       100%        2
 Static Discharge         Conj/Air       0%         N/A       100%        2
 Sublimation of Blood     Necr           0%         N/A       100%        2
 Confusing Touch          Hex            0%         N/A       100%        3
 Conjure Flame            Conj/Fire      0%         6-21      100%        3
 Frozen Ramparts          Ice            0%         1d2       100%        3
 Ignite Poison            Fire/Tmut/Pois 0%         N/A       100%        3
 Inner Flame              Hex/Fire       0%         N/A       100%        3
 Mephitic Cloud           Conj/Pois/Air  0%         N/A       100%        3
 Ozocubu's Armour         Ice            0%         N/A       100%        3
 Portal Projectile        Hex/Tloc       0%         N/A       100%        3
 Spider Form              Tmut/Pois      0%         N/A       100%        3
 Vampiric Draining        Necr           0%         2d6       100%        3
 Anguish                  Hex/Necr       0%         N/A       100%        4
 Dispel Undead            Necr           0%         3d6       100%        4
 Flame Wave               Conj/Fire      0%         2d4       100%        4
 Hailstorm                Conj/Ice       0%         3d3       100%        4
 Leda's Liquefaction      Hex/Erth       0%         N/A       100%        4
 Petrify                  Tmut/Erth      0%         N/A       100%        4
 Sticky Flame             Conj/Fire      0%         2d3       100%        4
 Blade Hands              Tmut           0%         N/A       100%        5
 Excruciating Wounds      Necr           0%         N/A       100%        5
 Irradiate                Conj/Tmut      0%         3d13      100%        5
 Yara's Violent Unravell  Hex/Tmut       0%         3d3       100%        5
 Iron Shot                Conj/Erth      0%         9d1       100%        6
 Ozocubu's Refrigeration  Ice            0%         4d5       100%        7
 Lehudib's Crystal Spear  Conj/Erth      0%         10d2      100%        8
 Animate Skeleton         Necr           Unusable   N/A       N/A         1
 Summon Small Mammal      Summ           Unusable   N/A       N/A         1
 Call Imp                 Summ           Unusable   N/A       N/A         2
 Call Canine Familiar     Summ           Unusable   N/A       N/A         3
 Summon Guardian Golem    Hex/Summ       Unusable   N/A       N/A         3
 Animate Armour           Summ/Erth      Unusable   N/A       N/A         4
 Animate Dead             Necr           Unusable   N/A       N/A         4
 Summon Cactus Giant      Summ           Unusable   N/A       N/A         6

Dungeon Overview and Level Annotations

Branches:
Dungeon (15/15)            Temple (1/1) D:5            Lair (6/6) D:10
 Shoals (4/4) Lair:2       Spider (2/4) Lair:4        Slime (0/5) Lair:6
    Orc (2/2) D:10            Elf (0/3) Orc:2        Vaults (1/5) D:13
 Depths (0/4) D:15         Bailey (visited)

Altars:
Ashenzari
Cheibriados
Dithmenos
Elyvilon
Fedhas
Gozag
Hepliaklqana
Kikubaaqudgha
Makhleb
Nemelex Xobeh
Okawaru
Qazlal
Ru
Sif Muna
Trog
Uskayaw
Vehumet
Wu Jian
Xom
Yredelemnul
Zin
The Shining One
Jiyva
Lugonu

Shops:
D:4 (   D:11 [   Orc:1 ?   Orc:2 *=(?:   Shoals:4 *

Portals:
Abyss: Lair:6

Annotations:
D:4 1 runed translucent door, Crazy Yiuf
D:12 2 runed translucent doors, peterlawrence's ghost, novice MiBe
D:13 1 runed translucent door, exclusion: door, Atelerd's ghost, journeyman OpEE
Shoals:4 exclusion: oklob plant
Spider:2 Arachne; Louise; Nikola


Message History

You block the vault warden's attack.
The vault warden falters for a moment.
Okay, then.
You gain the combat prowess of a mighty hero.
The tengu reaver's magic is no longer disrupted.
You block the tengu reaver's attack.
The tengu reaver pecks you but does no damage.
You block the tengu reaver's attack.
The necromancer hits you but does no damage.
The vault warden closely misses you. You block the vault warden's attack.
You slash the vault warden!
The vault warden's magic leaks into the air.
The vault warden is lightly wounded.
You slash the tengu reaver!
The tengu reaver's magic leaks into the air.
You barely miss the necromancer. You slice the vault warden!!
The vault warden's magic leaks into the air.
The necromancer's magic is no longer disrupted.
The tengu reaver hits you but does no damage.
You block the tengu reaver's attack.
The tengu reaver claws you but does no damage.
The ironbound convoker gestures at the vault warden while chanting.
The vault warden seems to grow stronger.
You block the necromancer's attack.
The vault warden activates a sealing rune.
The doors slam shut!
The vault warden hits you with a +3 vorpal battleaxe!!
* * * LOW HITPOINT WARNING * * *
x2 You open the vault warden like a pillowcase!!!
The vault warden's magic leaks into the air.
The vault warden is severely wounded.
You barely miss the tengu reaver. You chop the necromancer into pieces!!!
You kill the necromancer!
Okawaru accepts your kill.
You slice the vault warden!!
The vault warden's magic leaks into the air.
The tengu reaver's magic is no longer disrupted.
The ironbound convoker's magic is no longer disrupted.
The tengu reaver points at you and mumbles some strange words.
The bolt of negative energy hits you!!!
You feel drained.
You die...

.........# ........#
#.......# #.......#
.#####+#.......#
...............# #
...............#.#
............)..#.#
...........@Qp.+.#
..........)pp..#.#
#####+##...p...# ..
...
#.......#############
.....
#^..................#
....
#....................
....
#..................##
#..................##
#.################.#.


You could see 2 vault wardens, a tengu reaver (soul bound) and 2 ironbound
convokers.

Vanquished Creatures
  Jorgrun (Spider:1)
  2 krakens
  Gastronok (Lair:1)
  An emperor scorpion (Spider:2)
  5 ghost moths
  2 vault wardens (Vaults:1)
  An ironbound preserver (Vaults:1)
  An ironbound thunderhulk (Vaults:1)
  The ghost of AarnesTheHuman the Fighter, a journeyman HOFi of the Shining One (Lair:6)
  Nessos (D:15)
  3 dire elephants (Vaults:1)
  2 entropy weavers (Spider:1)
  A spark wasp (Spider:1)
  Azrael (Spider:1)
  6 merfolk impalers
  An ettin (Vaults:1)
  A merfolk javelineer (Shoals:4)
  A yaktaur captain (Vaults:1)
  A great orb of eyes (Vaults:1)
  6 boulder beetles
  Harold (Orc:1)
  3 vault guards
  8 hydras
  Erolcha (Orc:1)
  An ironbound frostheart (Vaults:1)
  Fannar (Lair:3)
  2 spriggan zombies (D:15)
  A jorogumo (Spider:1)
  2 merfolk avatars (Shoals:4)
  5 ogre magi
  A death knight (D:12)
  12 centaur warriors
  9 merfolk aquamancers
  15 two-headed ogres
  2 death yaks (Lair:6)
  A titan zombie (Vaults:1)
  An orc high priest (Bailey)
  4 thrashing horrors (Lair:6)
  Sonja (D:12)
  9 skeletal warriors
  2 pharaoh ants (Spider:1)
  Nergalle (D:9)
  A steelbarb worm (Spider:1)
  An orb spider (Spider:1)
  12 sea snakes
  3 deep trolls (Vaults:1)
  A flayed ghost (D:15)
  4 wizards
  A phantasmal warrior (D:12)
  28 harpies
  4 necromancers
  Pikel (D:6)
  4 lindwurms (Vaults:1)
  An ironbound convoker (Vaults:1)
  An iron dragon zombie (D:15)
  3 ugly things
  3 deep elf pyromancers (D:14)
  A fire giant zombie (Vaults:1)
  2 orc knights
  8 wolf spiders
  4 cyclopes
  11 manticores
  8 fauns
  A moth of wrath (Spider:1)
  18 elephants
  A frost giant skeleton (D:15)
  5 centaur zombies
  A guardian serpent (shapeshifter) (Lair:6)
  4 merfolk sirens
  14 water nymphs
  2 vault sentinels (Vaults:1)
  An elf zombie (Vaults:1)
  4 torpor snails
  2 gargoyles
  6 black mambas
  15 cane toads
  3 smoke demons (Lair:6)
  2 efreet (D:15)
  A rime drake (shapeshifter) (Lair:6)
  Maggie (Lair:1)
  7 yaktaurs (Vaults:1)
  3 kobold demonologists
  4 demonic crawlers
  2 unseen horrors
  2 rime drakes
  9 komodo dragons
  4 ancient zymes (Lair:6)
  A yaktaur skeleton (Vaults:1)
  8 wind drakes
  30 merfolk
  3 meliai (Spider:2)
  4 polar bears
  2 trolls
  8 tarantellas (Spider:1)
  A tarantella (shapeshifter) (D:14)
  40 blink frogs
  A hornet (D:11)
  3 slime creatures
  10 dream sheep
  11 snapping turtles
  12 jumping spiders
  9 culicivoras
  A spriggan (Lair:6)
  A shadow (D:10)
  3 vampires
  19 water elementals
  5 wraiths
  69 yaks
  6 wyverns
  2 steam dragons
  2 fire elementals (Spider:1)
  18 humans (D:13)
  23 redbacks (Spider:1)
  6 basilisks
  3 vampire mosquitoes (D:13)
  Grum (D:11)
  8 small abominations (Lair:6)
  Menkaure (D:6)
  An acid dragon (D:11)
  A warg (Orc:2)
  4 hell hounds (Spider:1)
  18 water moccasins
  Duvessa (D:6)
  22 orc warriors
  An ice beast (D:8)
  5 black bears
  25 ogres
  A necrophage (D:8)
  A wolf (shapeshifter) (Lair:6)
  12 centaurs
  22 wolves
  2 lemures
  A phantom (D:5)
  15 bullfrogs
  2 gnoll sergeants
  2 wyvern zombies
  A scorpion (D:3)
  Dowan (D:6)
  4 killer bees (D:9)
  9 wights
  8 electric eels
  A howler monkey (D:4)
  2 bullfrog zombies
  2 centaur skeletons
  5 hounds
  2 jellies
  14 orc priests
  A bullfrog skeleton (D:6)
  2 gnoll shamans
  11 orc wizards
  A hound skeleton (D:5)
  A howler monkey zombie (D:8)
  25 gnolls
  A howler monkey skeleton (D:5)
  8 adders
  An ufetubus (D:7)
  2 adder zombies (D:5)
  2 worms
  6 dart slugs
  60 orcs
  2 ball pythons (D:4)
  6 bats
  5 endoplasms
  A giant cockroach (D:4)
  15 goblins
  11 hobgoblins
  6 jackals
  5 quokkas
  2 frilled lizards
  11 kobolds
  6 rats
  A spectral orc (D:5)
  6 tentacles
1030 creatures vanquished.

Vanquished Creatures (others)
  A manticore (Shoals:3)
  A gnoll (D:5)
  A bush (Lair:6)
  25 fungi
  94 plants
  12 tentacles
  2 withered plants (D:15)
136 creatures vanquished.

Grand Total: 1166 creatures vanquished

Notes
Turn   | Place    | Note
-------+----------+-------------------------------------------
     0 | D:1      | AarnesTheHuman the Hill Orc Fighter began the quest for the
                  | Orb.
     0 | D:1      | Reached XP level 1. HP: 19/19 MP: 1/1
    57 | D:1      | Found a sparkling altar of Nemelex Xobeh.
   131 | D:1      | Got Inoinel's Disquisition on Unholy Rites
   163 | D:1      | Reached XP level 2. HP: 24/27 MP: 2/2
   595 | D:2      | Reached skill level 4 in Fighting
   595 | D:2      | Reached XP level 3. HP: 31/33 MP: 3/3
   692 | D:2      | Found a faded altar of an unknown god.
  1391 | D:2      | Reached XP level 4. HP: 40/40 MP: 4/4
  1493 | D:3      | Noticed a scorpion
  1501 | D:3      | Killed a scorpion
  1502 | D:3      | Reached XP level 5. HP: 47/47 MP: 5/5
  2434 | D:4      | Found Dobboomn's Antique Weapon Emporium.
  2456 | D:4      | Reached skill level 5 in Axes
  2704 | D:4      | Reached XP level 6. HP: 44/53 MP: 6/6
  2751 | D:4      | Noticed a black bear
  2766 | D:4      | Killed a black bear
  2767 | D:4      | Reached skill level 5 in Fighting
  3120 | D:4      | Found a runed translucent door.
  3121 | D:4      | Noticed Crazy Yiuf
  3299 | D:4      | Found a shimmering blue altar of Sif Muna.
  3372 | D:4      | Reached XP level 7. HP: 61/61 MP: 7/7
  3387 | D:4      | Found a broken altar of Ashenzari.
  3438 | D:5      | Entered Level 5 of the Dungeon
  3794 | D:5      | Reached skill level 5 in Armour
  3794 | D:5      | Reached skill level 5 in Shields
  4004 | D:5      | Reached skill level 6 in Fighting
  4004 | D:5      | Reached XP level 8. HP: 51/70 MP: 8/8
  4272 | D:5      | Found a snail-covered altar of Cheibriados.
  4881 | D:5      | Found a staircase to the Ecumenical Temple.
  4904 | D:5      | Found a white marble altar of Elyvilon.
  4924 | Temple   | Entered the Ecumenical Temple
  5006 | D:5      | Found a basalt altar of Yredelemnul.
  5751 | D:6      | Found a sacrificial altar of Ru.
  5813 | D:6      | Noticed Dowan
  5815 | D:6      | Reached XP level 9. HP: 46/74 MP: 9/9
  5958 | D:6      | Killed Dowan
  5959 | D:6      | Reached skill level 7 in Fighting
  6038 | D:6      | Noticed Menkaure
  6041 | D:6      | Killed Menkaure
  6080 | D:6      | Found a blossoming altar of Fedhas.
  6169 | D:6      | Reached skill level 10 in Axes
  6262 | D:6      | Noticed Pikel
  6277 | D:6      | Killed Pikel
  6566 | D:6      | Found an opulent altar of Gozag.
  6572 | D:6      | Noticed Duvessa
  6573 | D:6      | Found a bloodstained altar of Trog.
  6829 | D:6      | Killed Duvessa
  7565 | D:7      | Reached skill level 8 in Fighting
  7789 | D:7      | Found an iron altar of Okawaru.
  7807 | D:7      | Became a worshipper of Warmaster Okawaru
  7927 | D:7      | Reached XP level 10. HP: 74/88 MP: 10/10
  8947 | D:8      | Found a hide-covered altar of Uskayaw.
  8967 | D:7      | HP: 3/83 [wight/+0 short sword (4)]
  9987 | D:8      | Noticed a two-headed ogre
  9995 | D:8      | Killed a two-headed ogre
  9995 | D:8      | Reached * piety under Okawaru
  9996 | D:8      | Reached skill level 9 in Fighting
 10337 | D:8      | Noticed a two-headed ogre
 11024 | D:8      | Killed a two-headed ogre
 11300 | D:8      | Found a shadowy altar of Dithmenos.
 11923 | D:9      | Reached ** piety under Okawaru
 11988 | D:9      | Found a flagged portal.
 12001 | Bailey   | Entered a bailey
 12247 | Bailey   | Noticed an orc knight
 12252 | Bailey   | Killed an orc knight
 12252 | Bailey   | Reached *** piety under Okawaru
 12253 | Bailey   | Reached XP level 11. HP: 99/99 MP: 8/11
 12254 | Bailey   | Reached skill level 10 in Fighting
 12451 | Bailey   | Found an iron altar of Okawaru.
 12451 | Bailey   | Noticed an orc high priest
 12459 | Bailey   | Killed an orc high priest
 12460 | Bailey   | Reached skill level 1 in Invocations
 12470 | Bailey   | Reached **** piety under Okawaru
 12520 | Bailey   | Identified the +1 chain mail "Lufovvoe" {rC+}
 13144 | Bailey   | Acquired the +2 pair of boots "Kixkiep" {Int+3 Slay+2}
 13156 | Bailey   | Acquired the +16 crystal plate armour of Insurance {MP+9}
 13171 | Bailey   | Acquired the ring "Nyl Yvvunu" {rPois rF+}
 13417 | D:9      | Found an ornate altar of the Wu Jian Council.
 13614 | D:9      | Reached skill level 15 in Axes
 13945 | D:10     | Entered Level 10 of the Dungeon
 13946 | D:10     | Found a staircase to the Orcish Mines.
 13979 | D:10     | Noticed Nergalle
 13988 | D:10     | Reached skill level 10 in Armour
 14008 | D:9      | Killed Nergalle
 14008 | D:9      | Reached ***** piety under Okawaru
 14009 | D:9      | Reached skill level 11 in Fighting
 14009 | D:9      | Reached skill level 5 in Invocations
 14166 | D:10     | Found a staircase to the Lair.
 14527 | D:10     | Found a stormy altar of Qazlal.
 14777 | D:10     | Found a radiant altar of Vehumet.
 14815 | D:10     | Found a shimmering altar of Xom.
 14817 | D:10     | Noticed a boulder beetle
 14828 | D:10     | Reached XP level 12. HP: 96/110 MP: 18/18
 14829 | D:10     | Killed a boulder beetle
 15117 | Lair:1   | Entered Level 1 of the Lair of Beasts
 15182 | Lair:1   | Noticed Gastronok
 15192 | Lair:1   | Killed Gastronok
 15192 | Lair:1   | Reached ****** piety under Okawaru
 15193 | Lair:1   | Reached skill level 1 in Dodging
 15395 | Lair:1   | Noticed Maggie
 15401 | Lair:1   | Killed Maggie
 15518 | Lair:1   | Identified the +5 plate armour "Lomumypn" {rPois rF+
                  | Regen+} (Okawaru gifted it to you on level 1 of the Lair of
                  | Beasts)
 15518 | Lair:1   | Received a gift from Okawaru
 15701 | Lair:1   | Reached skill level 10 in Invocations
 15730 | Lair:1   | Noticed a six-headed hydra
 15745 | Lair:1   | Killed a six-headed hydra
 16281 | Lair:2   | Reached skill level 12 in Fighting
 16527 | Lair:2   | Found a staircase to the Shoals.
 17062 | Lair:3   | Reached XP level 13. HP: 119/119 MP: 21/21
 17067 | Lair:3   | Reached skill level 13 in Fighting
 17294 | Lair:3   | Reached skill level 14 in Fighting
 17415 | Lair:3   | Received a gift from Okawaru
 17568 | Lair:3   | Noticed Fannar
 17624 | Lair:3   | Killed Fannar
 17787 | Lair:3   | Identified the +0 pair of gloves of Pely {rC+} (Okawaru
                  | gifted it to you on level 3 of the Lair of Beasts)
 17787 | Lair:3   | Received a gift from Okawaru
 18578 | Lair:4   | Found a hole to the Spider Nest.
 19399 | Lair:5   | Found the +8 lance "Wyrmbane" {slay drac, rPois rF+ rC+
                  | AC+3}
 19617 | Lair:5   | Reached XP level 14. HP: 111/133 MP: 23/23
 19751 | Lair:5   | Reached skill level 15 in Fighting
 19836 | Lair:5   | Received a gift from Okawaru
 20463 | Lair:6   | Entered Level 6 of the Lair of Beasts
 20463 | Lair:6   | Noticed AarnesTheHuman's ghost (journeyman HOFi)
 20464 | Lair:6   | Found a runed translucent gate.
 20486 | Lair:6   | Found a runed translucent gate.
 20487 | Lair:6   | Found a runed translucent gate.
 20527 | Lair:6   | Killed AarnesTheHuman's ghost
 20998 | Lair:6   | Reached skill level 10 in Shields
 21089 | Lair:6   | Found a staircase to the Slime Pits.
 21144 | Lair:6   | Found a viscous altar of Jiyva.
 21367 | Lair:6   | Identified the +12 broad axe of Tuycvof {antimagic, rF+}
                  | (Okawaru gifted it to you on level 6 of the Lair of Beasts)
 21367 | Lair:6   | Received a gift from Okawaru
 21382 | Lair:6   | Reached skill level 16 in Fighting
 21930 | Lair:6   | Reached XP level 15. HP: 144/144 MP: 11/25
 21939 | Lair:6   | Identified the +1 scale mail of Starshine {Harm rF+}
                  | (Okawaru gifted it to you on level 6 of the Lair of Beasts)
 21939 | Lair:6   | Received a gift from Okawaru
 21948 | Lair:6   | Reached skill level 5 in Dodging
 22027 | Lair:6   | Found a corrupted altar of Lugonu.
 22027 | Lair:6   | Found a one-way gate to the infinite horrors of the Abyss.
 22580 | D:11     | Reached skill level 15 in Invocations
 22608 | D:11     | Found an opulent altar of Gozag.
 23214 | D:11     | Noticed Grum
 23221 | D:11     | Killed Grum
 23262 | D:11     | Found Atap Sen's Armour Shoppe.
 23269 | D:11     | Bought a +0 tower shield of poison resistance for 110 gold
                  | pieces
 23755 | D:12     | Noticed Sonja
 23760 | D:12     | Killed Sonja
 24207 | D:12     | Found a large runed translucent door.
 24207 | D:12     | Found a large runed translucent door.
 24211 | D:12     | Noticed peterlawrence's ghost (novice MiBe)
 24804 | D:13     | Got the Reference Book on Earthen Changing
 24901 | D:13     | Found a runed translucent door.
 24907 | D:13     | Found a shimmering altar of Xom.
 24907 | D:13     | Noticed Atelerd's ghost (journeyman OpEE)
 24907 | D:13     | Identified the +8 glaive "Cuaci" {chaos, Drain rElec rF-
                  | rN+++}
 25232 | D:13     | Received a gift from Okawaru
 25290 | D:13     | Found a gate to the Vaults.
 26446 | D:15     | Entered Level 15 of the Dungeon
 26593 | D:15     | Noticed Nessos
 26601 | D:15     | Killed Nessos
 26912 | D:15     | Identified the +0 cloak of Sowotik {Rampage *Corrode rN+}
 26914 | D:15     | Found a staircase to the Depths.
 26922 | D:15     | Reached skill level 17 in Fighting
 27213 | D:15     | Reached XP level 16. HP: 155/155 MP: 12/28
 27611 | Spider:1 | Entered Level 1 of the Spider Nest
 27674 | Spider:1 | Identified the -2 cloak of Qyacerei {rPois rC- Int+3 Dex+3}
                  | (Okawaru gifted it to you on level 1 of the Spider Nest)
 27674 | Spider:1 | Received a gift from Okawaru
 27849 | Spider:1 | Noticed Jorgrun
 27861 | Spider:1 | Killed Jorgrun
 28229 | Spider:1 | Noticed Azrael
 28245 | Spider:1 | Killed Azrael
 29522 | Spider:1 | Received a gift from Okawaru
 29598 | Spider:2 | Reached skill level 18 in Fighting
 29711 | Spider:2 | Noticed Arachne
 29713 | Spider:2 | Noticed Nikola
 29714 | Spider:2 | Noticed Louise
 30201 | Orc:1    | Entered Level 1 of the Orcish Mines
 30201 | Orc:1    | Noticed Erolcha
 30207 | Orc:1    | Killed Erolcha
 30302 | Orc:1    | Found Zys Meu's Magic Scroll Shoppe.
 30368 | Orc:1    | Received a gift from Okawaru
 30653 | Orc:1    | Noticed Harold
 30665 | Orc:1    | Killed Harold
 30747 | Orc:2    | Entered Level 2 of the Orcish Mines
 30907 | Orc:2    | Found a staircase to the Elven Halls.
 31050 | Orc:2    | Found Peanissorits's Overcharged Wands.
 31410 | Orc:1    | Reached XP level 17. HP: 117/165 MP: 12/29
 31794 | Orc:2    | Found Gis Voas's Jewellery Emporium.
 31794 | Orc:2    | Found Yvediu's Magic Scroll Shop.
 31797 | Orc:2    | Received a gift from Okawaru
 31798 | Orc:2    | Found Madasoerr's Antique Weapon Shop.
 31798 | Orc:2    | Found Iliefet's Book Shoppe.
 32005 | Orc:2    | Bought the ring of the Jackalope {rC++ Str+6 SInv} for 959
                  | gold pieces
 32103 | Shoals:1 | Entered Level 1 of the Shoals
 32212 | Shoals:1 | Reached skill level 19 in Fighting
 32929 | Shoals:1 | Identified the +4 scale mail of Typecemn {Dex+6} (Okawaru
                  | gifted it to you on level 1 of the Shoals)
 32929 | Shoals:1 | Received a gift from Okawaru
 33954 | Shoals:2 | Reached skill level 1 in Throwing
 34080 | Shoals:2 | Noticed a kraken
 34091 | Shoals:2 | Killed a kraken
 34809 | Shoals:2 | Identified the +1 pair of gloves of a Labyrinth {rC+ MP+9
                  | Str+5 Dex-4}
 35403 | Shoals:3 | Noticed a kraken
 35414 | Shoals:3 | Killed a kraken
 35415 | Shoals:3 | Reached skill level 20 in Fighting
 36141 | Shoals:3 | Reached skill level 5 in Throwing
 36297 | Shoals:4 | Entered Level 4 of the Shoals
 36423 | Shoals:4 | Reached XP level 18. HP: 142/178 MP: 11/31
 36441 | Arena    | Entered the Arena
 36544 | Shoals:4 | Received a gift from Okawaru
 36965 | Shoals:4 | Found Luaddecw's Luxury Loot.
 37396 | Shoals:4 | Found the +7 great mace "Undeadhunter" {disrupt, rN+}
 37576 | Shoals:4 | Received a gift from Okawaru
 37798 | Shoals:4 | Got a barnacled rune of Zot
 38731 | Vaults:1 | Entered Level 1 of the Vaults
 39251 | Vaults:1 | Reached skill level 10 in Throwing
 39449 | Vaults:1 | Received a gift from Okawaru
 39830 | Vaults:1 | Received a gift from Okawaru
 40539 | Vaults:1 | Killed from afar by a tengu reaver

Illustrated notes

Levels and vault maps discovered:
D:1:      lightli_arrival_windingriver, layout_basic, serial_glass,
          glass_columns_a, glass_columns_a, glass_columns_a, glass_columns_a,
          minmay_hexomino_r4
D:2:      layout_loops_ring, hellmonk_ecumenical_altar_run_dry
D:3:      layout_basic
D:4:      layout_cave_pools, mainiacjoe_overflow_brackets,
          general_overflow_altar, serial_shops, shop_fountains,
          hangedman_abyss_or_decor_stabs, hangedman_abyss_or_decor_stagger,
          amcnicky_mini_rare_corridor_liquid, uniq_crazy_yiuf_cottage
D:5:      layout_loops_ring, mainiacjoe_overflow_paths,
          yredelemnul_forgotten_temple_becter, amcnicky_altar_gilded,
          minmay_temple_entry_glassed_door, serial_undead, serial_undead_a,
          serial_undead_c, serial_undead_b, serial_undead_c
D:6:      nicolae_cairo_tiling, layout_rooms, hangedman_ru_absence,
          lemuel_tele_altar, mainiacjoe_overflow_catwalk_spiral, st_stairs_8,
          amcnicky_mini_pool_small, uniq_menkaure, uniq_pikel, uniq_duvessa
D:7:      layout_loops_ring, mainiacjoe_overflow_catwalk, abandoned_shop,
          grunt_ministairs_4
D:8:      layout_layer_cave, grunt_dithmenos_smoke,
          eat_drink_and_be_merry_uskayaw, minmay_misc_feat_iff,
          mrwooster_statue_mirror, chequers_jeans, minmay_misc_feat_enclosed
D:9:      layout_roguey, nicolae_wu_jian_glorious_leap, enter_bailey_4
D:10:     layout_small_grid, grunt_qazlal_clouds, tgw_xom, old_standard_altar,
          minmay_lair_entry_grove, orc_0_dummy, uniq_nergalle
D:11:     layout_stronghold, serial_shops, shop, grunt_gozag_statues, uniq_grum
D:12:     layout_basic, ebering_ghost_disaster_area, uniq_sonja
D:13:     layout_roguey, grunt_vaults_entry_tiered, ebering_ghost_xom
D:14:     layout_grid_maze, minmay_stone_trees_small
D:15:     gammafunk_depths_entry_grave, layout_basic, uniq_nessos
Temple:   corrupted_temple
Lair:1:   layout_regular_city, guppyfry_lair_drakes, uniq_maggie, uniq_gastronok
Lair:2:   layout_concentric_octagons, shoals_dummy_entry, patterned_corridor
Lair:3:   layout_layer_cave, grunt_megastairs_3, serial_bayou_shore_b,
          uniq_fannar
Lair:4:   layout_regular_city, dummy_spider_entry, st_stairs_3, minmay_holes
Lair:5:   layout_hall_layers, beast_lair_carwin_2, infiniplex_staircase_pool,
          serial_bayou_shore_b
Lair:6:   hellmonk_lair_end_abyssal_woods, layout_loops_ring, slime_altar_1,
          gammafunk_ghost_hydra_chop
Shoals:1: layout_shoals
Shoals:2: layout_shoals
Shoals:3: layout_shoals, nicolae_shoals_land_atoll,
          nicolae_shoals_nymph_descending_staircase
Shoals:4: shoals_end_simple, layout_shoals, nicolae_alphabet_shops,
          nicolae_shoals_this_corrosion
Spider:1: layout_spider_delve, uniq_azrael, uniq_jorgrun
Spider:2: layout_spider_delve, nicolae_spider_nook, uniq_arachne, uniq_nikola,
          uniq_aizul, uniq_louise
Orc:1:    layout_diamond_mine, serial_shops, shop, uniq_erolcha, uniq_harold
Orc:2:    st_orc_ogre_mass, layout_diamond_mine, nicolae_shop_overcharged_wands
Vaults:1: grunt_vaults_funneled_arena, hangedman_vaults_trim, v_alt_pattern_5,
          v_rooms_4, nicolae_vaults_theta, nicolae_vaults_rhombus_5,
          vaults_room_fours, hangedman_vaults_river_flow,
          layout_vaults_chaotic_city

Skill      XL: |  1  2  3  4  5  6  7  8  9 10 11 12 13 14 15 16 17 18 |
---------------+-------------------------------------------------------+-----
Axes           | 3 4 5 6 8 9 11 14 15 16 17 18 | 18.0
Fighting       | 4 5 6 8 9 11 12 14 16 17 18 20 | 20.1
Armour         | 4 5 6 7 9 10 11 12 | 12.0
Shields        | 4 5 6 7 9 11 12 13 | 13.0
Invocations    | 8 11 12 14 16 17 19 | 19.2
Dodging        | 4 8 |  8.2
Throwing       | 5 11 | 11.2

Action                   |  1- 3 |  4- 6 |  7- 9 | 10-12 | 13-15 | 16-18 || total
-------------------------+-------+-------+-------+-------+-------+-------++-------
Melee: War axe           |    90 |   119 |   126 |       |       |       ||   335
       Dagger            |       |    12 |       |       |       |       ||    12
       Battleaxe         |       |       |   108 |   386 |       |       ||   494
       Broad axe         |       |       |       |    98 |   873 |  1108 ||  2079
       Trident           |       |       |       |    10 |    49 |       ||    59
Throw: Dart              |       |     9 |    12 |     9 |       |       ||    30
       Stone             |       |       |    12 |       |       |       ||    12
       Boomerang         |       |       |       |       |       |    24 ||    24
Invok: Heroism           |       |       |       |     2 |     4 |     6 ||    12
       Finesse           |       |       |       |       |     2 |     3 ||     5
       Duel              |       |       |       |       |       |     1 ||     1
Evoke: Wand              |       |       |       |     6 |       |       ||     6
  Use: Scroll            |       |       |    11 |    12 |     6 |     4 ||    33
       Potion            |       |       |       |     1 |       |     2 ||     3
 Stab: Held in net/web   |       |       |       |       |       |     2 ||     2
Armor: Scale mail        |    53 |    74 |   152 |    28 |       |       ||   307
       Chain mail        |       |       |       |    40 |       |       ||    40
       Crystal plate arm |       |       |       |   239 |   642 |   890 ||  1771
Dodge: Dodged            |    48 |    59 |   121 |   134 |   144 |   170 ||   676
Block: Buckler           |    19 |    29 |    63 |       |       |       ||   111
       Other             |       |       |    30 |    87 |       |       ||   117
       Reflection        |       |       |     5 |     4 |    30 |    67 ||   106
       Kite shield       |       |       |       |    80 |   511 |       ||   591
       Tower shield      |       |       |       |       |   273 |  1421 ||  1694
